 Dungeon Crawl Stone Soup version 0.29-a0-360-g8ed1089bbe (webtiles) character file.

Game seed: 10287279515883925899

46 klau3 the Slasher (level 3, 0/33 HPs)
             Began as a Minotaur Berserker on Apr 28, 2022.
             Was a Believer of Trog.
             Slain by a gnoll
             ... wielding a +0 flail
              (3 damage)
             ... on level 2 of the Dungeon.
             The game lasted 00:03:14 (1099 turns).

klau3 the Slasher (Minotaur Berserker)              Turns: 1099, Time: 00:03:14

Health: 0/33       AC:  6    Str: 23    XL:     3   Next: 46%
Magic:  2/2        EV: 10    Int:  4    God:    Trog [**....]
Gold:   68         SH:  0    Dex:  9    Spells: 2/2 levels left

rFire   . . .      SeeInvis .   a - +0 falchion
rCold   . . .      Faith    .   (no shield)
rNeg    . . .      Spirit   .   l - +0 scale mail
rPois   .          Reflect  .   (helmet restricted)
rElec   .          Harm     .   (no cloak)
rCorr   .          Rampage  .   (no gloves)
Will    .....                   (no boots)
Stlth   ..........              (no amulet)
HPRegen 0.11/turn               (no ring)
MPRegen 0.08/turn               (no ring)

@: about to teleport
A: horns 2, retaliatory headbutt
a: Renounce Religion, Berserk, Trog's Hand


You were on level 2 of the Dungeon.
You worshipped Trog.
Trog was pleased with you.
You visited 1 branch of the dungeon, and saw 2 of its levels.

You collected 68 gold pieces.

Inventory:

Hand Weapons
 a - a +0 falchion (weapon)
Missiles
 d - 5 poisoned darts (quivered)
Armour
 b - a +0 animal skin
 c - a +0 ring mail
 h - a +0 chain mail
 l - a +0 scale mail (worn)
Scrolls
 f - a scroll of amnesia
 i - a scroll of vulnerability {unknown}
 j - 3 scrolls of noise
 n - 2 scrolls of identify
Potions
 e - a potion of lignification {unknown}
 g - 2 potions of brilliance {unknown}
 m - 3 potions of degeneration


   Skills:
 + Level 4.0 Fighting
 + Level 4.4 Long Blades
 + Level 3.3 Armour
 + Level 2.4 Dodging


You had 2 spell levels left.
You didn't know any spells.
Your spell library was empty.

Dungeon Overview and Level Annotations

Branches:
Dungeon (2/15)

Altars:


Innate Abilities, Weirdness & Mutations

You have a pair of horns on your head.
You reflexively headbutt those who attack you in melee.


Message History

Found a stone staircase leading up.
Found a scroll of identify.
n - a scroll of identify
n - 2 scrolls of identify (gained 1)
A rat comes into view.
You closely miss the rat. The rat bites you but does no damage.
You hit the rat.
You kill the rat!
Trog accepts your kill.
A gnoll comes into view. It is wielding a +0 club.
The gnoll shouts!
You hear a shout!
A gnoll comes into view. It is wielding a +0 halberd.
A gnoll comes into view. It is wielding a +0 whip.
The gnoll shouts!
A gnoll comes into view. It is wielding a +0 flail.
The gnoll shouts!
The gnoll closely misses you. You furiously retaliate!
You headbutt the gnoll!
The gnoll hits you from afar with a +0 halberd.
An endoplasm comes into view.
The gnoll barely misses you. The gnoll hits you with a +0 club.
You hit the gnoll but do no damage. You headbutt the gnoll.
You kill the gnoll!
Trog accepts your kill.
The gnoll hits you from afar with a +0 halberd!
Your Armour skill increases to level 3!
You hit the gnoll.
The gnoll is moderately wounded.
The gnoll barely misses you. The gnoll hits you with a +0 flail!
* * * LOW HITPOINT WARNING * * *
As you read the scroll of teleportation, it crumbles to dust.
You feel strangely unstable.
The gnoll hits you from afar with a +0 halberd.
* * * LOW HITPOINT WARNING * * *
The gnoll closely misses you. The gnoll barely misses you.
You furiously retaliate!
You headbutt the gnoll! The gnoll barely misses you.
The gnoll attacks as you move away! The gnoll hits you with a +0 flail.
* * * LOW HITPOINT WARNING * * *
The gnoll attacks as you move away! The gnoll hits you with a +0 flail.
You die...

#.###.####...#.)..
...... #..........
#.#... ###...<...#
#.#............#.#
#..............#.#
#.#########....#..
#.....##########..
#.###.............
#@# ##############
♣g♣♣♣ ♣.g.♣ ♣♣♣gJ♣
♣..♣ .♣♣ . . .♣


You could see 3 gnolls.

Vanquished Creatures
  A gnoll (D:2)
  A worm (D:2)
  5 ball pythons
  3 bats
  3 endoplasms (D:1)
  2 giant cockroaches (D:1)
  2 hobgoblins (D:1)
  3 kobolds (D:1)
  A quokka (D:1)
  A frilled lizard (D:1)
  2 goblins
  9 rats
33 creatures vanquished.

Notes
Turn   | Place    | Note
-------+----------+-------------------------------------------
     0 | D:1      | klau3 the Minotaur Berserker began the quest for the Orb.
     0 | D:1      | Reached XP level 1. HP: 19/19 MP: 0/0
   185 | D:1      | Reached XP level 2. HP: 25/27 MP: 1/1
   616 | D:1      | Found a faded altar of an unknown god.
   915 | D:2      | Reached XP level 3. HP: 25/33 MP: 2/2
   944 | D:2      | Reached ** piety under Trog
  1099 | D:2      | Slain by a gnoll

Illustrated notes

Levels and vault maps discovered:
D:1:      dpeg_arrival_triangle_fractal, layout_loops_ring,
          basic_ecumenical_altar, minmay_surrounded
D:2:      kb_forest_paths, layout_basic, dk_noncrumbling_3, uniq_sigmund,
          uniq_crazy_yiuf_cottage, uniq_robin, uniq_natasha

Skill      XL: |  1  2  3 |
---------------+----------+-----
Long Blades    | 4 |  4.4
Fighting       | 4 |  4.0
Armour         | 3 |  3.3
Dodging        | |  2.4

Action                   || total
-------------------------++-------
Melee: Falchion          ||    73
       Headbutt          ||     9
  Use: Scroll            ||     5
Armor: Ring mail         ||     7
       Scale mail        ||    26
       Chain mail        ||     8
Dodge: Dodged            ||    53

Table legend: (Time is in decaauts)
 A = Elapsed time spent in this place.
 B = Non-inter-level travel time spent in this place.
 C = Inter-level travel time spent in this place.
 D = Time resting spent in this place.
 E = Time spent auto-exploring this place.
 F = Levels seen in this place.
 G = Mean time per level.
                   A        B        C        D        E       F      G
               +--------+--------+--------+--------+--------+-----+--------+
         Total |   1104 |   1104 |      0 |     64 |    512 |   2 |  552.0 |
       Dungeon |   1104 |   1104 |      0 |     64 |    512 |   2 |  552.0 |
               +--------+--------+--------+--------+--------+-----+--------+

Top non-repeatable levels by time:
     D:1: 897 daAuts
     D:2: 207 daAuts
